 Dungeon Crawl Stone Soup version 0.30-a0-354-g6b83867211 (webtiles) character file.

Game seed: 8372902235145864598

13 iguanaiguana the Magician (level 2, 0/19 HPs)
             Began as a Mummy Wanderer on Nov 8, 2022.
             Slain by a gnoll
             ... wielding a +0 spear
              (4 damage)
             ... on level 1 of the Dungeon.
             The game lasted 00:03:39 (254 turns).

iguanaiguana the Magician (Mummy Wanderer)           Turns: 254, Time: 00:03:40

Health: 0/19       AC:  2    Str: 13    XL:     2   Next: 24%
Magic:  4/9        EV: 11    Int: 14    God:
Gold:   24         SH:  0    Dex: 10    Spells: 12/14 levels left

rFire   x . .      SeeInvis .    e - +0 dagger
rCold   + . .      Faith    +    (no shield)
rNeg    + + +      Spirit   .    c - +0 robe
rPois   ∞          Reflect  .    (no helmet)
rElec   .          Harm     .    (no cloak)
rCorr   .          Rampage  .    (no gloves)
Will    .....                    (no boots)
Stlth   +.........               (no amulet)
HPRegen 0.23/turn                (no ring)
MPRegen 0.11/turn                (no ring)

@: no status effects
A: cold resistance 1, negative energy resistance 3, torment resistance 2, heat
vulnerability 1, no potions, faith
a: no special abilities


You were on level 1 of the Dungeon.
You visited 1 branch of the dungeon, and saw 1 of its levels.

You collected 24 gold pieces.

Inventory:

Hand Weapons
 e - a +0 dagger (weapon)
Armour
 c - a +0 robe (worn)
Scrolls
 b - a scroll of teleportation {@r3}


   Skills:
 - Level 1.0 Dodging
 - Level 6.6 Spellcasting
 - Level 1.5 Conjurations
 + Level 1.5 Poison Magic
 - Level 1.0 Evocations


You had 12 spell levels left.
You knew the following spells:

 Your Spells              Type           Power      Damage    Failure   Level
a - Sting                 Tmut/Pois      24%        1d4       11%         1
b - Magic Dart            Conj           36%        1d4       8%          1

Your spell library contained the following spells:

 Spells                   Type           Power      Damage    Failure   Level
 Necrotise                Necr           16%        1d4       16%         1
 Scorch                   Fire           8%         2d5       22%         2
 Mephitic Cloud           Conj/Pois/Air  7%         N/A       28%         3
 Dazzling Flash           Conj/Hex       12%        N/A       32%         3


Dungeon Overview and Level Annotations

Branches:
Dungeon (1/15) Zot: 5745

Altars:


Innate Abilities, Weirdness & Mutations

You are immune to poison.
Your flesh is cold resistant. (rC+)
You are immune to negative energy. (rN+++)
You are immune to unholy pain and torment.
You are vulnerable to heat. (rF-)
You do not drink.
You have a special connection with the divine. (Faith)


Message History

The sting misses the hobgoblin.
The hobgoblin attacks as you move away! The hobgoblin hits you.
The hobgoblin throws a stone.
The stone hits you.
* * * LOW HITPOINT WARNING * * *
a jackal corpse; a jackal corpse Your magical contamination has completely faded away.
Casting: Sting (safe; 11% risk of failure)
Confirm with . or Enter, or press ? or * to list all spells.
Aiming: Sting (safe; 11% risk of failure)
Press: ? - help, Shift-Dir - straight line, f/p - hobgoblin
Aim: a hobgoblin, quivering stones (68% to hit)
The sting hits the hobgoblin.
The hobgoblin is poisoned.
The hobgoblin is heavily wounded.
The hobgoblin throws a stone.
The stone hits you.
* * * LOW HITPOINT WARNING * * *
You kill the hobgoblin!
Casting: Sting (safe; 11% risk of failure)
Confirm with . or Enter, or press ? or * to list all spells.
Aiming: Sting (safe; 11% risk of failure)
Press: ? - help, Shift-Dir - straight line, f - gnoll
Aim: a gnoll, wielding a +0 spear (72% to hit)
The sting hits the gnoll.
The gnoll is poisoned.
The gnoll is lightly wounded.
Casting: Sting (safe; 11% risk of failure)
Confirm with . or Enter, or press ? or * to list all spells.
Aiming: Sting (safe; 11% risk of failure)
Press: ? - help, Shift-Dir - straight line, f/p - gnoll
Aim: a gnoll, wielding a +0 spear (lightly wounded, poisoned, 72% to hit)
The sting misses the gnoll.
The gnoll hits you from afar with a +0 spear.
* * * LOW HITPOINT WARNING * * *
Casting: Sting (safe; 11% risk of failure)
Confirm with . or Enter, or press ? or * to list all spells.
Aiming: Sting (safe; 11% risk of failure)
Press: ? - help, Shift-Dir - straight line, f/p - gnoll
Aim: a gnoll, wielding a +0 spear (moderately wounded, poisoned, 72% to hit)
The gnoll looks even sicker.
The gnoll is moderately wounded.
The gnoll hits you from afar with a +0 spear.
You die...

# #........>.....
####..###......
##########†##########
##........(†.........#
#..........⌠.......!..
#......⌠.......⌠......
##.....gJ..........).#
##.)⌠...⌠...⌠.(.⌠..##
##.@.............##
##.⌠....⌠....⌠.##
##...........##
##..⌠..†⌠..##
##...!...## ##..<..##
##.>.## #####


You could see a gnoll (very poisoned) and an endoplasm.

Vanquished Creatures
  An endoplasm (D:1)
  A goblin (D:1)
  2 hobgoblins (D:1)
  4 jackals (D:1)
  A ball python (D:1)
  A frilled lizard (D:1)
  A kobold (D:1)
11 creatures vanquished.

Notes
Turn   | Place    | Note
-------+----------+-------------------------------------------
     0 | D:1      | iguanaiguana the Mummy Wanderer began the quest for the
                  | Orb.
     0 | D:1      | iguanaiguana set off with the following items: a +0 club, a
                  | scroll of teleportation {@r3}, a +0 robe, a wand of flame
                  | (3); and the following spells available to memorise: Magic
                  | Dart, Necrotise, Sting, Scorch, Dazzling Flash, Mephitic
                  | Cloud.
     0 | D:1      | Reached XP level 1. HP: 13/13 MP: 8/8
     2 | D:1      | Learned a level 1 spell: Magic Dart
     4 | D:1      | Learned a level 1 spell: Sting
   111 | D:1      | Reached skill level 1 in Poison Magic
   170 | D:1      | Reached XP level 2. HP: 7/19 MP: 2/9
   254 | D:1      | Slain by a gnoll

Illustrated notes

Levels and vault maps discovered:
D:1:      dpeg_arrival_lava_temple_mockup, layout_rooms,
          amcnicky_mini_rare_corridor_liquid

Skill      XL: |  1 |
---------------+----+-----
Poison Magic   | 1 |  1.5
Dodging        | |  1.0
Spellcasting   | |  6.6
Conjurations   | |  1.5
Evocations     | |  1.0

Action                   || total
-------------------------++-------
Melee: Dagger            ||    10
 Cast: Sting             ||    15
       Magic Dart        ||     1
Evoke: Wand              ||     3
Armor: Robe              ||     6
Dodge: Dodged            ||     8

Table legend: (Time is in decaauts)
 A = Elapsed time spent in this place.
 B = Non-inter-level travel time spent in this place.
 C = Inter-level travel time spent in this place.
 D = Time resting spent in this place.
 E = Time spent auto-exploring this place.
 F = Levels seen in this place.
 G = Mean time per level.
                   A        B        C        D        E       F      G
               +--------+--------+--------+--------+--------+-----+--------+
         Total |    253 |    253 |      0 |     45 |     91 |   1 |  253.0 |
       Dungeon |    253 |    253 |      0 |     45 |     91 |   1 |  253.0 |
               +--------+--------+--------+--------+--------+-----+--------+

Top non-repeatable levels by time:
     D:1: 253 daAuts
